[Event "ESP-ch U1700 2024"]
[Site "Albacete"]
[Date "2024.08.28"]
[Round "3.4"]
[White "Muniz Otero, Lucas"]
[Black "Lopez Milian, Adela"]
[Result "0-1"]
[ECO "A08"]
[WhiteElo "1605"]
[BlackElo "1681"]
[Annotator "NA RC COMBH"]
[PlyCount "64"]
[EventDate "2024.08.27"]
[EventType "swiss"]
[EventCountry "ESP"]
[SourceTitle "playchess.com"]
[Source "ChessBase"]
[SourceQuality "1"]
[TimeControl "5400+30"]

1. e4 e6 2. d3 d5 3. Nd2 c5 4. Ngf3 Nc6 5. g3 Nf6 6. Bg2 Be7 7. O-O O-O 8. Re1 a6 9. e5 Nd7 10. Nf1 b5 11. h4 h6 12. N1h2 Qc7 13. Bf4 Bb7 14. Ng4 Rfe8 15. Qd2 Bf8 16. Bxh6 gxh6 17. Nxh6+ Bxh6 18. Qxh6 Nf8 19. Ng5 Nxe5 20. Qf6 Ng4 21. Qf3 f5 22. Bh3 Nf6 23. h5 d4 24. Qd1 Qg7 25. f4 N6h7 26. Qd2 Nxg5 27. fxg5 Nh7 28. g6 Nf6 29. Qg5 Nd7 30. h6 Qf6 31. Qh5 Ne5 32. g7 Nf3+ 0-1

[Event "ESP-ch U1700 2024"]
[Site "Albacete"]
[Date "2024.08.28"]
[Round "3.5"]
[White "Trujillo Torres, Alvaro"]
[Black "Molina Gomez, Juan Francisco"]
[Result "0-1"]
[ECO "B34"]
[WhiteElo "1595"]
[BlackElo "1677"]
[Annotator "NA RC COMBH"]
[PlyCount "62"]
[EventDate "2024.08.27"]
[EventType "swiss"]
[EventCountry "ESP"]
[SourceTitle "playchess.com"]
[Source "ChessBase"]
[SourceQuality "1"]
[TimeControl "5400+30"]

1. e4 c5 2. Nf3 Nc6 3. d4 cxd4 4. Nxd4 Nf6 5. Nc3 e5 6. Ndb5 d6 7. Nd5 Nxd5 8. exd5 Nb8 9. Be3 a6 10. Nc3 b5 11. Be2 Be7 12. O-O O-O 13. a3 f5 14. f4 Bf6 15. Qd2 Nd7 16. Rad1 Bb7 17. fxe5 Bxe5 18. Bd4 Qh4 19. Bxe5 Nxe5 20. Qe3 Rae8 21. Qb6 Qe7 22. a4 bxa4 23. Bxa6 Bxa6 24. Qxa6 Ng4 25. Rf3 Qh4 26. Qxd6 Re1+ 27. Rxe1 Qxe1+ 28. Rf1 Qe3+ 29. Kh1 Nf2+ 30. Rxf2 Qe1+ 31. Rf1 Qxf1# 0-1

[Event "ESP-ch U1700 2024"]
[Site "Albacete"]
[Date "2024.08.28"]
[Round "3.6"]
[White "Solanilla Olcese, Ada"]
[Black "El Ammari Rovira, Yassin Jesus"]
[Result "1/2-1/2"]
[ECO "C02"]
[WhiteElo "1668"]
[BlackElo "1582"]
[Annotator "NA RC COMBH"]
[PlyCount "102"]
[EventDate "2024.08.27"]
[EventType "swiss"]
[EventCountry "ESP"]
[SourceTitle "playchess.com"]
[Source "ChessBase"]
[SourceQuality "1"]
[TimeControl "5400+30"]

1. e4 e6 2. d4 d5 3. e5 Bd7 4. Bd3 c5 5. c3 Nc6 6. Nf3 Qb6 7. Bc2 cxd4 8. cxd4 Bb4+ 9. Nc3 Nge7 10. O-O Ng6 11. Qd3 Bxc3 12. Qxc3 Rc8 13. Qd2 O-O 14. a3 Na5 15. Qd1 a6 16. h4 Bb5 17. Re1 Qc6 18. Bxg6 hxg6 19. Ng5 Qc2 20. Qf3 Nb3 21. Be3 Nxa1 22. Rc1 Qf5 23. Rxa1 Qxf3 24. Nxf3 Rc2 25. b4 Ba4 26. Ne1 Rc3 27. Bd2 Rc4 28. Be3 Rfc8 29. Nd3 R4c7 30. Nc5 Bb5 31. a4 Bc4 32. a5 Rb8 33. Rb1 b6 34. axb6 Rxb6 35. Bg5 Ra7 36. Bd8 Rb5 37. Ba5 Ba2 38. Rb2 Bc4 39. f3 Ra8 40. Kf2 Ra7 41. Ke3 Kf8 42. Kd2 Ke7 43. g3 Ra8 44. f4 f6 45. Kc3 fxe5 46. dxe5 Ra7 47. Kd4 Ra8 48. Rb1 Ra7 49. Rb2 Ra8 50. Rb1 Ra7 51. Rb2 Ra8 1/2-1/2

[Event "ESP-ch U1700 2024"]
[Site "Albacete"]
[Date "2024.08.28"]
[Round "3.7"]
[White "Jimenez Fernandez, Alejandro"]
[Black "Soler Fombuena, Sergi"]
[Result "0-1"]
[ECO "D05"]
[WhiteElo "1956"]
[BlackElo "1656"]
[Annotator "TA"]
[PlyCount "96"]
[EventDate "2024.08.27"]
[EventType "swiss"]
[EventCountry "ESP"]
[SourceTitle "playchess.com"]
[Source "ChessBase"]
[SourceQuality "1"]
[TimeControl "5400+30"]

1. Nf3 d5 2. d4 Nf6 3. e3 e6 4. c4 Be7 5. Nc3 O-O 6. Bd3 b6 7. cxd5 exd5 8. h3 Bb7 9. O-O Nbd7 10. Qc2 {[%emt 0:00:54] The position is equal.} c5 11. Bf5 g6 12. Bxd7 Qxd7 13. Ne5 (13. b3 $11 {feels stronger.}) 13... Qe6 $15 14. Re1 Rac8 15. Qe2 Ne4 16. Nf3 Rfe8 17. Bd2 Bf6 18. Rac1 Bg7 {[%emt 0:04:51] Black has more active pieces.} 19. dxc5 bxc5 20. Qb5 Qb6 21. Qxb6 axb6 22. Rc2 Re6 (22... d4 $142 23. Nxe4 Bxe4) 23. Nxe4 $17 dxe4 24. Nh2 Ba6 {[%emt 0:02:26][%cal Bb7a6,Ba6d3,Bd3e4][%mdl 32] And now ...Bd3 would win. A strong pair of Bishops. White is weak on the light squares} 25. Bc3 f6 26. Rd2 Bd3 27. f3 b5 {[%emt 0:06:32] [#] Threatens to win with ...b4.} 28. b3 (28. a3 $17 {is a better defense.}) 28... c4 (28... f5 $19 29. Bxg7 Kxg7 30. fxe4 fxe4 (30... Bxe4 31. Rc1 $15)) 29. bxc4 bxc4 30. fxe4 Bxe4 31. Kf2 ({Better is} 31. Ng4) 31... Rce8 ({Black should try} 31... f5 $17 32. Rc1 Rb6) 32. Nf1 (32. a4 $15) 32... Bd3 33. Bd4 {[%emt 0:04:19] [#]} (33. a4 $17) 33... Bh6 (33... f5 $1 $19 {...Bxd4 is the strong threat.} 34. Bxg7 Kxg7) 34. g4 Bxf1 $2 ({Black should play} 34... f5 $17 {Hoping for ...fxg4.} 35. gxf5 gxf5 (35... Bxf5 $2 36. a4 $17)) 35. Kxf1 $11 Bxe3 $2 (35... Re4 $11) 36. Rde2 $18 Bxd4 $2 (36... Rd8) 37. Rxe6 Rxe6 38. Rxe6 {[%emt 0:00:04][%mdl 4096] Endgame. KR-KB} Be5 39. Ke2 (39. Rxe5 $142 fxe5 40. a4) 39... Kf7 40. Rc6 c3 41. Kd3 Ke7 42. a4 Kd7 43. Rxc3 Bxc3 44. Kxc3 {[%emt 0:00:06] K3P-K3P. White mates.} Kc6 45. Kd4 h5 46. gxh5 gxh5 47. Ke4 h4 48. Kf5 Kd5 {[%emt 0:31:29][%mdl 32768] Weighted Error Value: White=0.20 (precise) /Black=0.67.  Loses game:     	---       	Black=1      Mistake:       	White=5     	Black=6      Inaccurate:     	White=3     	Black=2      OK:         	White=5     	Black=5      Best:        	White=4     	---       . Sensor Board Error (Ke4/e5)?} 0-1

[Event "ESP-ch U1700 2024"]
[Site "Albacete"]
[Date "2024.08.28"]
[Round "3.9"]
[White "Airos Martorell, Ignacio"]
[Black "Lopez Ortuno, Angel"]
[Result "1-0"]
[ECO "D02"]
[WhiteElo "1650"]
[BlackElo "1534"]
[Annotator "NA RC COMBH"]
[PlyCount "117"]
[EventDate "2024.08.27"]
[EventType "swiss"]
[EventCountry "ESP"]
[SourceTitle "playchess.com"]
[Source "ChessBase"]
[SourceQuality "1"]
[TimeControl "5400+30"]

1. d4 Nf6 2. Nf3 d5 3. Bf4 e6 4. e3 c5 5. c3 Bd6 6. Bg3 Ne4 7. Bd3 f5 8. Ne5 g6 9. Bxe4 fxe4 10. Qa4+ Bd7 11. Nxd7 Qxd7 12. Qxd7+ Kxd7 13. Nd2 Nc6 14. O-O-O c4 15. Bxd6 Kxd6 16. f3 exf3 17. Nxf3 h6 18. Rde1 b5 19. e4 Rae8 20. Re2 Re7 21. Nh4 Rg8 22. Rhe1 Nd8 23. exd5 Kxd5 24. Re5+ Kc6 25. Kd1 a6 26. a4 Rb7 27. d5+ exd5 28. axb5+ axb5 29. Re8 Rbg7 30. R1e7 Nb7 31. Rxg7 Rxg7 32. Re6+ Kd7 33. Rxg6 Rxg6 34. Nxg6 Nc5 35. Ne5+ Ke6 36. Nf3 Nd3 37. Kc2 Kf5 38. Nd4+ Kg4 39. Nf3 Nf4 40. Ne1 Nh5 41. Kd2 Kf4 42. Nf3 Nf6 43. Ke2 Ng4 44. h3 Ne5 45. g3+ Ke4 46. Nxe5 Kxe5 47. Ke3 b4 48. g4 d4+ 49. cxd4+ Kd5 50. h4 c3 51. bxc3 bxc3 52. g5 hxg5 53. hxg5 Kc4 54. g6 Kb3 55. g7 c2 56. g8=Q+ Kb2 57. Qb8+ Kc1 58. Qc7 Kd1 59. Qxc2+ 1-0

[Event "ESP-ch U1700 2024"]
[Site "Albacete"]
[Date "2024.08.29"]
[Round "4.1"]
[White "El Ammari Rovira, Sara"]
[Black "Garcia-Munoz Arias, Diego"]
[Result "0-1"]
[ECO "C50"]
[WhiteElo "1652"]
[BlackElo "1696"]
[Annotator "NA RC"]
[PlyCount "58"]
[EventDate "2024.08.27"]
[EventType "swiss"]
[EventCountry "ESP"]
[SourceTitle "playchess.com"]
[Source "ChessBase"]
[SourceQuality "1"]
[TimeControl "5400+30"]

1. e4 e5 2. Nf3 Nc6 3. Bc4 Nf6 4. d3 Bc5 5. Bg5 h6 6. Bh4 d6 7. h3 a6 8. c3 Ba7 9. O-O g5 10. Bg3 g4 11. hxg4 Bxg4 12. Bh4 Rg8 13. Nbd2 Bh3 14. g3 Bxf1 15. Qb3 Qd7 16. Nxf1 Ng4 17. N1h2 Nxf2 18. Kf1 Qh3+ 19. Ke1 Qd7 20. Qxb7 Rb8 21. Qxa6 Rb6 22. Qa4 Qc8 23. g4 Nxg4 24. Nxg4 Qxg4 25. Bb5 Qxf3 26. Bxc6+ Kf8 27. Be7+ Kxe7 28. Qxa7 Rg1+ 29. Kd2 Rxb2# 0-1

[Event "ESP-ch U1700 2024"]
[Site "Albacete"]
[Date "2024.08.29"]
[Round "4.2"]
[White "Lopez Milian, Adela"]
[Black "Airos Martorell, Ignacio"]
[Result "0-1"]
[ECO "D37"]
[WhiteElo "1681"]
[BlackElo "1650"]
[Annotator "NA RC"]
[PlyCount "76"]
[EventDate "2024.08.27"]
[EventType "swiss"]
[EventCountry "ESP"]
[SourceTitle "playchess.com"]
[Source "ChessBase"]
[SourceQuality "1"]
[TimeControl "5400+30"]

1. d4 Nf6 2. c4 e6 3. Nc3 d5 4. Nf3 b6 5. Bg5 Be7 6. e3 Bb7 7. Be2 O-O 8. O-O Nbd7 9. a3 a5 10. Rb1 dxc4 11. Bxc4 Ne4 12. Bxe7 Qxe7 13. Nxe4 Bxe4 14. Bd3 Nf6 15. Bxe4 Nxe4 16. Qc2 Nf6 17. Qc6 Qd6 18. Rbc1 Rac8 19. Rc2 Nd5 20. Rfc1 Ne7 21. Qb7 c5 22. dxc5 Rxc5 23. Rxc5 bxc5 24. Qb5 Rb8 25. Qxc5 Qxc5 26. Rxc5 Rxb2 27. g3 f6 28. Rxa5 e5 29. h4 Nf5 30. Ra6 Rb1+ 31. Kg2 Rb2 32. Kf1 e4 33. Nh2 Nxe3+ 34. fxe3 Rxh2 35. Ra7 Rh1+ 36. Kf2 Ra1 37. a4 Ra2+ 38. Ke1 Ra3 0-1

[Event "ESP-ch U1700 2024"]
[Site "Albacete"]
[Date "2024.08.29"]
[Round "4.3"]
[White "Molina Gomez, Juan Francisco"]
[Black "Jimenez Fernandez, Alejandro"]
[Result "0-1"]
[ECO "C30"]
[WhiteElo "1677"]
[BlackElo "1956"]
[Annotator "RC"]
[PlyCount "54"]
[EventDate "2024.08.27"]
[EventType "swiss"]
[EventCountry "ESP"]
[SourceTitle "playchess.com"]
[Source "ChessBase"]
[SourceQuality "1"]
[TimeControl "5400+30"]

1. e4 e5 2. f4 d6 3. Nf3 Nc6 4. Bc4 Bg4 5. Bxf7+ Kxf7 6. Ng5+ Qxg5 7. fxg5 Bxd1 8. Kxd1 Be7 9. d3 h6 10. Rf1+ Ke8 11. h4 hxg5 12. hxg5 Rh5 13. g4 Rh2 14. Bd2 Rg2 15. Nc3 Rc8 16. Nd5 Rxg4 17. Nxe7 Ngxe7 18. c3 Ng6 19. Kc2 Nf4 20. d4 Kd7 21. dxe5 dxe5 22. Rad1 Ke6 23. b4 Rd8 24. Rde1 Rg2 25. Rd1 Nh3 26. b5 Ne7 27. Kc1 Nf2 0-1

[Event "ESP-ch U1700 2024"]
[Site "Albacete"]
[Date "2024.08.29"]
[Round "4.4"]
[White "Perez Fernandez, Alvaro"]
[Black "Grande Gonzalez, Julen"]
[Result "1-0"]
[ECO "D00"]
[WhiteElo "1638"]
[BlackElo "1692"]
[Annotator "NA RC"]
[PlyCount "57"]
[EventDate "2024.08.27"]
[EventType "swiss"]
[EventCountry "ESP"]
[SourceTitle "playchess.com"]
[Source "ChessBase"]
[SourceQuality "1"]
[TimeControl "5400+30"]

1. d4 d5 2. Bf4 Nf6 3. e3 c5 4. dxc5 Nc6 5. Bb5 Qa5+ 6. Nc3 a6 7. Ba4 Qxc5 8. Nf3 e6 9. O-O Be7 10. a3 O-O 11. Qd3 Rd8 12. Bxc6 bxc6 13. Bc7 Re8 14. b4 Qa7 15. Ba5 Bd6 16. e4 Qb8 17. Rfe1 Ng4 18. exd5 Bxh2+ 19. Kf1 Bd7 20. dxe6 Bxe6 21. Ng5 Qf4 22. Qxh7+ Kf8 23. Qh8+ Ke7 24. Rxe6+ Kd7 25. Rd1+ Kc8 26. Qxe8+ Kb7 27. Rd7+ Qc7 28. Rxc7+ Bxc7 29. Qxc6+ 1-0

[Event "ESP-ch U1700 2024"]
[Site "Albacete"]
[Date "2024.08.29"]
[Round "4.5"]
[White "Varela Cano, Hugo"]
[Black "Loro Garcia de Leon, Jose Juan"]
[Result "1-0"]
[ECO "B90"]
[WhiteElo "1691"]
[BlackElo "1643"]
[Annotator "NA RC"]
[PlyCount "85"]
[EventDate "2024.08.27"]
[EventType "swiss"]
[EventCountry "ESP"]
[SourceTitle "playchess.com"]
[Source "ChessBase"]
[SourceQuality "1"]
[TimeControl "5400+30"]

1. e4 c5 2. Nf3 d6 3. d4 cxd4 4. Nxd4 Nf6 5. Nc3 a6 6. Be3 g6 7. Be2 Bg7 8. O-O O-O 9. f3 Bd7 10. Qd2 Nc6 11. Nxc6 Bxc6 12. Kh1 b5 13. a3 Nd7 14. Bh6 Ne5 15. Bxg7 Kxg7 16. f4 Nd7 17. Bf3 Qc7 18. Rae1 f6 19. Ne2 Rad8 20. Nd4 Kf7 21. Nxc6 Qxc6 22. e5 Qc7 23. e6+ Kg7 24. exd7 Rxd7 25. Re6 a5 26. Rfe1 Rf7 27. Bd5 Kf8 28. R1e3 b4 29. axb4 axb4 30. Rb3 Qa5 31. Rxb4 Kg7 32. h3 Rc7 33. Rd4 Qb6 34. Bb3 Qa7 35. f5 g5 36. h4 h6 37. Ra4 Qc5 38. Rc4 Qa7 39. Rxc7 Qxc7 40. Qe2 Qc5 41. Qh5 Qxf5 42. Qxf7+ Kh8 43. Qe8+ 1-0

[Event "ESP-ch U1700 2024"]
[Site "Albacete"]
[Date "2024.08.29"]
[Round "4.6"]
[White "Saiz Alonso de Armino, Daniel"]
[Black "Pecero Rebato, Diego"]
[Result "1-0"]
[ECO "D02"]
[WhiteElo "1689"]
[BlackElo "1640"]
[Annotator "NA RC"]
[PlyCount "33"]
[EventDate "2024.08.27"]
[EventType "swiss"]
[EventCountry "ESP"]
[SourceTitle "playchess.com"]
[Source "ChessBase"]
[SourceQuality "1"]
[TimeControl "5400+30"]

1. d4 d5 2. Nf3 Nf6 3. Bf4 e6 4. e3 Bd6 5. Bg3 c5 6. c3 Nc6 7. Bd3 b6 8. Nbd2 Bb7 9. e4 dxe4 10. Nxe4 Nxe4 11. Bxe4 Rc8 12. dxc5 Bxc5 13. Qa4 O-O 14. Rd1 Qe8 15. Bxh7+ Kxh7 16. Qh4+ Kg6 17. Qg5+ 1-0

[Event "ESP-ch U1700 2024"]
[Site "Albacete"]
[Date "2024.08.29"]
[Round "4.7"]
[White "Acebal Fernandez, Jose Maria"]
[Black "Solanilla Olcese, Ada"]
[Result "1/2-1/2"]
[ECO "D35"]
[WhiteElo "1624"]
[BlackElo "1668"]
[Annotator "NA RC"]
[PlyCount "88"]
[EventDate "2024.08.27"]
[EventType "swiss"]
[EventCountry "ESP"]
[SourceTitle "playchess.com"]
[Source "ChessBase"]
[SourceQuality "1"]
[TimeControl "5400+30"]

1. d4 d5 2. c4 e6 3. Nc3 Nf6 4. cxd5 exd5 5. Bg5 c6 6. e3 Be7 7. Bd3 Nbd7 8. Qc2 O-O 9. Nge2 Re8 10. O-O h6 11. Bh4 Qc7 12. f3 Bd6 13. e4 dxe4 14. fxe4 Bxh2+ 15. Kh1 Ng4 16. Qb3 Ndf6 17. e5 Be6 18. Qc2 Ne3 19. Qd2 Nxf1 20. Rxf1 Ng4 21. Nc1 Qd7 22. Be2 Bxe5 23. Bxg4 Bxg4 24. Nb3 Bd6 25. d5 Bb4 26. Qf4 Bd6 27. Qc4 cxd5 28. Qxd5 Be6 29. Qf3 Qc6 30. Ne4 Bd5 31. Nf6+ Kh8 32. Nxd5 f6 33. Qf5 Re5 34. Qg6 Qe8 35. Nf4 Re4 36. Qf5 Bxf4 37. Rxf4 Rxf4 38. Qxf4 Qf7 39. Be1 Rd8 40. Qf3 Qd5 41. Qc3 Qd7 42. Qb4 Qc6 43. Nd4 Qd5 44. Nf3 Qd7 1/2-1/2

[Event "ESP-ch U1700 2024"]
[Site "Albacete"]
[Date "2024.08.29"]
[Round "4.8"]
[White "El Ammari Rovira, Yassin Jesus"]
[Black "Garcia Sahuquillo, Marcos Antonio"]
[Result "1-0"]
[ECO "D02"]
[WhiteElo "1582"]
[BlackElo "1690"]
[Annotator "NA RC"]
[PlyCount "79"]
[EventDate "2024.08.27"]
[EventType "swiss"]
[EventCountry "ESP"]
[SourceTitle "playchess.com"]
[Source "ChessBase"]
[SourceQuality "1"]
[TimeControl "5400+30"]

1. d4 d5 2. Nf3 e6 3. e3 c5 4. c3 Nc6 5. Bd3 Bd7 6. O-O Qc7 7. Nbd2 c4 8. Bc2 b5 9. Qe2 Nf6 10. e4 g6 11. e5 Ng4 12. Ng5 Nh6 13. Qf3 Be7 14. Nb1 Nf5 15. g4 h6 16. gxf5 hxg5 17. fxg6 fxg6 18. Bxg6+ Kd8 19. Qg3 Rg8 20. Bh5 Kc8 21. Be3 Kb7 22. Nd2 Raf8 23. Bg4 Qd8 24. b3 Rg6 25. bxc4 dxc4 26. a4 a6 27. axb5 axb5 28. Rfb1 Na7 29. Qg2+ Bc6 30. Rxa7+ Kxa7 31. Qxc6 Qa5 32. d5+ Kb8 33. Rxb5+ Qxb5 34. Qxb5+ Kc8 35. Qc6+ Kb8 36. Qb6+ Kc8 37. Bxe6+ Rxe6 38. Qxe6+ Kd8 39. Bb6+ Ke8 40. d6 1-0

[Event "ESP-ch U1700 2024"]
[Site "Albacete"]
[Date "2024.08.29"]
[Round "4.9"]
[White "Tobarra Salmeron, Jesus"]
[Black "Zubizarreta Landera, Maddi"]
[Result "0-1"]
[ECO "A40"]
[WhiteElo "1603"]
[BlackElo "1699"]
[Annotator "NA RC"]
[PlyCount "144"]
[EventDate "2024.08.27"]
[EventType "swiss"]
[EventCountry "ESP"]
[SourceTitle "playchess.com"]
[Source "ChessBase"]
[SourceQuality "1"]
[TimeControl "5400+30"]

1. d4 Nc6 2. Nf3 e6 3. c4 Bb4+ 4. Bd2 Bxd2+ 5. Qxd2 Nf6 6. Nc3 d6 7. e4 O-O 8. Bd3 e5 9. Bc2 Bg4 10. d5 Ne7 11. Nh4 Qc8 12. O-O Nh5 13. Qg5 f6 14. Qe3 Nf4 15. Bd1 Bxd1 16. Raxd1 f5 17. f3 Rf6 18. Ne2 Nxe2+ 19. Qxe2 f4 20. Qf2 g5 21. Nf5 Nxf5 22. exf5 Qxf5 23. g4 fxg3 24. Qxg3 Kh8 25. Kh1 Raf8 26. Rg1 Qxf3+ 27. Qxf3 Rxf3 28. Rxg5 Rf1+ 29. Rxf1 Rxf1+ 30. Kg2 Rb1 31. b3 Rb2+ 32. Kf3 h6 33. Rh5 Kg7 34. Ke4 Rf2 35. Rh4 Rf6 36. Rg4+ Rg6 37. Rh4 Kf6 38. Rh5 Rg4+ 39. Kf3 Rf4+ 40. Ke3 Kg6 41. Rh3 h5 42. Rg3+ Rg4 43. Rf3 Kg7 44. h3 Rg6 45. Ke4 h4 46. Ke3 Rf6 47. Rxf6 Kxf6 48. Ke4 a5 49. a3 b6 50. b4 axb4 51. axb4 Kg5 52. b5 Kf6 53. Ke3 Kf5 54. Kf3 e4+ 55. Ke3 Ke5 56. Ke2 Kd4 57. Kd2 Kxc4 58. Ke3 Kxd5 59. Ke2 Kd4 60. Kd2 e3+ 61. Ke2 Ke4 62. Ke1 Kf3 63. Kf1 e2+ 64. Ke1 d5 65. Kd2 Kf2 66. Kd3 e1=Q 67. Kd4 Qe4+ 68. Kc3 Ke3 69. Kb3 Kd2 70. Kb2 Qb4+ 71. Ka1 Kc2 72. Ka2 Qb2# 0-1

[Event "ESP-ch U1700 2024"]
[Site "Albacete"]
[Date "2024.08.29"]
[Round "5.1"]
[White "Garcia-Munoz Arias, Diego"]
[Black "Perez Fernandez, Alvaro"]
[Result "1-0"]
[ECO "A45"]
[WhiteElo "1696"]
[BlackElo "1638"]
[Annotator "NA RC"]
[PlyCount "41"]
[EventDate "2024.08.27"]
[EventType "swiss"]
[EventCountry "ESP"]
[SourceTitle "playchess.com"]
[Source "ChessBase"]
[SourceQuality "1"]
[TimeControl "5400+30"]

1. d4 Nf6 2. Bf4 d6 3. Nc3 Nbd7 4. Nf3 g6 5. e4 Bg7 6. Qd2 O-O 7. O-O-O c5 8. Bh6 cxd4 9. Nxd4 a6 10. h4 Bxh6 11. Qxh6 Ng4 12. Qd2 h5 13. f3 Nge5 14. g4 hxg4 15. h5 Nf6 16. hxg6 Nxg6 17. Qh6 Qa5 18. Nd5 Re8 19. Bc4 Nxd5 20. Bxd5 e6 21. Nf5 1-0

[Event "ESP-ch U1700 2024"]
[Site "Albacete"]
[Date "2024.08.29"]
[Round "5.2"]
[White "Jimenez Fernandez, Alejandro"]
[Black "Varela Cano, Hugo"]
[Result "1-0"]
[ECO "A04"]
[WhiteElo "1956"]
[BlackElo "1691"]
[Annotator "RC"]
[PlyCount "132"]
[EventDate "2024.08.27"]
[EventType "swiss"]
[EventCountry "ESP"]
[SourceTitle "playchess.com"]
[Source "ChessBase"]
[SourceQuality "1"]
[TimeControl "5400+30"]

1. Nf3 d6 2. d4 g6 3. c4 Bg7 4. Nc3 Nd7 5. e3 e5 6. Be2 Ne7 7. dxe5 dxe5 8. Qc2 c6 9. O-O f5 10. e4 f4 11. b3 h6 12. g3 g5 13. Ba3 Bf6 14. Ne1 h5 15. g4 hxg4 16. Bxg4 Kf7 17. f3 Nf8 18. h3 Bxg4 19. hxg4 Qd4+ 20. Rf2 Ne6 21. Rd1 Qb6 22. Na4 Qc7 23. Bd6 Qc8 24. c5 Nd4 25. Qc4+ Kg6 26. Nc2 Qf8 27. Qf1 Rh4 28. Rdd2 Nxc2 29. Rxc2 Qh6 30. Rh2 Rh8 31. Qg2 Nc8 32. Nb2 Kf7 33. a4 Nxd6 34. cxd6 Bd8 35. Nc4 Ke6 36. Rxh4 Qxh4 37. Kf1 b5 38. axb5 cxb5 39. Na3 Ba5 40. Re2 Qg3 41. Qxg3 fxg3 42. Rg2 Rh1+ 43. Ke2 Rh2 44. Kf1 b4 45. Nc4 Bb6 46. Nxb6 axb6 47. d7 Kxd7 48. Rxh2 gxh2 49. Kg2 Kd6 50. Kxh2 Kc5 51. Kg2 Kd4 52. Kf2 Kd3 53. f4 Kxe4 54. fxg5 Kd5 55. Ke3 e4 56. g6 Ke6 57. g7 Kf7 58. Kxe4 Kxg7 59. Kd5 Kg6 60. Kc6 Kg5 61. Kxb6 Kxg4 62. Kc5 Kf5 63. Kxb4 Ke6 64. Kc5 Kd7 65. Kb6 Kd6 66. b4 Kd5 1-0

[Event "ESP-ch U1700 2024"]
[Site "Albacete"]
[Date "2024.08.29"]
[Round "5.3"]
[White "Carrilero Otalora, Vanesa"]
[Black "El Ammari Rovira, Yassin Jesus"]
[Result "0-1"]
[ECO "D02"]
[WhiteElo "1692"]
[BlackElo "1582"]
[Annotator "NA RC"]
[PlyCount "92"]
[EventDate "2024.08.27"]
[EventType "swiss"]
[EventCountry "ESP"]
[SourceTitle "playchess.com"]
[Source "ChessBase"]
[SourceQuality "1"]
[TimeControl "5400+30"]

1. d4 d5 2. Nf3 c5 3. e3 Nc6 4. c3 cxd4 5. cxd4 Bf5 6. Nc3 e6 7. a3 Bd6 8. Bd3 Bxd3 9. Qxd3 Nf6 10. O-O O-O 11. b4 e5 12. Qb5 e4 13. Nd2 Qb6 14. Qxb6 axb6 15. Bb2 Rfc8 16. Nb5 Bf8 17. f3 Na7 18. Nc3 Re8 19. fxe4 Nxe4 20. Ndxe4 dxe4 21. Nd5 Rac8 22. Nxb6 Rc2 23. Rf2 Rc6 24. Na4 Nb5 25. Nc5 b6 26. Nb3 Nd6 27. Nd2 Rec8 28. Nf1 g6 29. Ng3 Bh6 30. Re2 Rc2 31. Kf2 f5 32. a4 Rxe2+ 33. Nxe2 Bxe3+ 34. Kxe3 Nc4+ 35. Kf4 Nxb2 36. a5 bxa5 37. bxa5 Nd3+ 38. Ke3 Ra8 39. a6 Nb4 40. Ra2 Nxa2 41. d5 Rxa6 42. Kd4 Ra3 43. Ke5 Kf7 44. Kd6 Rd3 45. Nf4 Rd2 46. Kd7 g5 0-1

[Event "ESP-ch U1700 2024"]
[Site "Albacete"]
[Date "2024.08.29"]
[Round "5.4"]
[White "Airos Martorell, Ignacio"]
[Black "Saiz Alonso de Armino, Daniel"]
[Result "0-1"]
[ECO "D02"]
[WhiteElo "1650"]
[BlackElo "1689"]
[Annotator "NA RC"]
[PlyCount "58"]
[EventDate "2024.08.27"]
[EventType "swiss"]
[EventCountry "ESP"]
[SourceTitle "playchess.com"]
[Source "ChessBase"]
[SourceQuality "1"]
[TimeControl "5400+30"]

1. d4 d5 2. Nf3 e6 3. Bf4 Nf6 4. e3 c5 5. c3 Bd6 6. Bg3 Qc7 7. Bd3 Nbd7 8. Nbd2 O-O 9. O-O e5 10. dxe5 Nxe5 11. Nxe5 Bxe5 12. Bxe5 Qxe5 13. Nf3 Qe7 14. Qa4 b6 15. Qh4 h6 16. Rfe1 Re8 17. Qg3 Bb7 18. Nh4 Ne4 19. Bxe4 Qxe4 20. f3 Qe5 21. Qxe5 Rxe5 22. g3 Rae8 23. Ng2 g5 24. g4 R5e7 25. a4 d4 26. exd4 Bxf3 27. dxc5 bxc5 28. h3 Bxg2 29. Kxg2 Rxe1 0-1

[Event "ESP-ch U1700 2024"]
[Site "Albacete"]
[Date "2024.08.29"]
[Round "5.5"]
[White "Solanilla Olcese, Ada"]
[Black "Lopez Milian, Adela"]
[Result "0-1"]
[ECO "C02"]
[WhiteElo "1668"]
[BlackElo "1681"]
[Annotator "NA RC"]
[PlyCount "82"]
[EventDate "2024.08.27"]
[EventType "swiss"]
[EventCountry "ESP"]
[SourceTitle "playchess.com"]
[Source "ChessBase"]
[SourceQuality "1"]
[TimeControl "5400+30"]

1. e4 e6 2. d4 d5 3. e5 c5 4. c3 Nc6 5. Nf3 a6 6. a3 c4 7. Be2 b5 8. O-O a5 9. Nbd2 Bd7 10. Qc2 Nge7 11. Rd1 Ng6 12. Nf1 f6 13. exf6 gxf6 14. Ng3 a4 15. Re1 Qc7 16. Nd2 O-O-O 17. Ndf1 Rg8 18. Nh5 Be7 19. Be3 e5 20. dxe5 fxe5 21. Rad1 Be6 22. Bf3 Nh4 23. Nhg3 Nxf3+ 24. gxf3 Rg6 25. Kh1 d4 26. cxd4 exd4 27. Bc1 d3 28. Qd2 Nd4 29. Qf4 Qxf4 30. Bxf4 Nxf3 31. Re3 Nd4 32. Nd2 Bd5+ 33. f3 Bf6 34. Nde4 Nc2 35. Nd6+ Rxd6 36. Bxd6 Nxe3 37. Re1 Bxf3+ 38. Kg1 d2 39. Rd1 Nxd1 40. Bb4 Bd4+ 41. Kf1 Ne3+ 0-1

[Event "ESP-ch U1700 2024"]
[Site "Albacete"]
[Date "2024.08.29"]
[Round "5.6"]
[White "Cerdeno Gil, Izan"]
[Black "Zubizarreta Landera, Maddi"]
[Result "1-0"]
[ECO "A50"]
[WhiteElo "1637"]
[BlackElo "1699"]
[Annotator "NA RC"]
[PlyCount "75"]
[EventDate "2024.08.27"]
[EventType "swiss"]
[EventCountry "ESP"]
[SourceTitle "playchess.com"]
[Source "ChessBase"]
[SourceQuality "1"]
[TimeControl "5400+30"]

1. d4 Nf6 2. c4 Nc6 3. Nf3 e6 4. e3 Bb4+ 5. Nbd2 O-O 6. a3 Bxd2+ 7. Bxd2 a5 8. b4 axb4 9. axb4 Rxa1 10. Qxa1 d6 11. Be2 Ne4 12. Bd3 Nxd2 13. Nxd2 Nxb4 14. Bxh7+ Kxh7 15. Qb1+ Kg8 16. Qxb4 Qg5 17. g3 e5 18. h4 Qh5 19. Qc3 exd4 20. Qxd4 Re8 21. f3 Bd7 22. Kf2 Bc6 23. g4 Qe5 24. Qxe5 Rxe5 25. Ra1 Kf8 26. Nb3 Re8 27. e4 b5 28. Nd4 Bd7 29. Nxb5 Bxb5 30. cxb5 Rb8 31. Ra7 Rc8 32. Ke3 Ke8 33. Kd4 f6 34. Kd5 Kd8 35. b6 c5 36. b7 Rb8 37. Kxd6 c4 38. Ra8 1-0